 Dungeon Crawl Stone Soup version 0.18.1-8-gdd0e5ea (webtiles) character file.

98 deorigin the Changer (level 4, 0/57 HPs)
             Began as a Naga Transmuter on June 1, 2016.
             Slain by Crazy Yiuf
             ... wielding a +2 quarterstaff of chaos
              (13 damage)
             ... on level 4 of the Dungeon.
             The game lasted 00:04:42 (2532 turns).

deorigin the Changer (Naga Transmuter)              Turns: 2532, Time: 00:04:44

Health: 0/57       AC:  2    Str: 17    XL:     4   Next: 69%
Magic:  4/7        EV: 19    Int: 15    God:
Gold:   145        SH:  0    Dex: 16    Spells: 3 memorised, 2 levels left

rFire  . . .     SeeInvis +       - Unarmed
rCold  . . .     Gourm    .     (armour currently unavailable)
rNeg   . . .     Faith    .     (shield currently unavailable)
rPois  x         Spirit   .     (helmet currently unavailable)
rElec  .         Dismiss  .     (cloak currently unavailable)
rCorr  .         Reflect  .     (gloves currently unavailable)
SustAt .         Harm     .     (no barding)
MR     .....                    (no amulet)
Stlth  ..........               (no ring)
                                (no ring)

@: berserking, spider-form, very quick, not resistant to hostile enchantments,
extremely unstealthy
A: see invisible, (deformed body), (poison resistance), (slowness 0), slow
metabolism 1, spit poison 2, AC +1
a: Spit Poison, End Transformation


You were on level 4 of the Dungeon.
You were hungry.
You were a venomous arachnid creature.
You visited 1 branch of the dungeon, and saw 4 of its levels.

You collected 145 gold pieces.

Inventory:

Hand Weapons
 p - a +1 flail of protection (melded)
Missiles
 a - 12 arrows
 h - 36 poisoned needles
 i - 5 tomahawks (quivered)
Armour
 b - a +0 robe (melded)
 j - a +0 scale mail
 n - a +0 ring mail
Jewellery
 g - an uncursed ring of protection from fire {unknown}
Scrolls
 e - 3 scrolls of identify {unknown}
 f - 2 scrolls of amnesia {unknown}
 l - a scroll of noise {unknown}
 r - a scroll of blinking {unknown}
Potions
 k - a potion of curing {unknown}
 m - a potion of resistance {unknown}
 o - a potion of haste {unknown}
Books
 c - a book of Changes

   Spells                             Type                      Level
   a - Beastly Appendage              Transmutation                1
   b - Sticks to Snakes               Transmutation                2
   c - Spider Form                    Transmutation/Poison         3
   d - Ice Form                       Ice/Transmutation            4
   e - Blade Hands                    Transmutation                5
Comestibles
 d - a bread ration
 q - 2 chunks of flesh


   Skills:
 - Level 1.0 Fighting
 - Level 1.5 Dodging
 - Level 3.0 Stealth
 - Level 3.0 Unarmed Combat
 + Level 2.5 Spellcasting
 - Level 3.5 Transmutations
 * Level 1.5 Poison Magic


You had 2 spell levels left.
You knew the following spells:

 Your Spells              Type           Power        Failure   Level  Hunger
a - Beastly Appendage     Trmt           ##....       17%         1    #......
b - Sticks to Snakes      Trmt           ##......     24%         2    ###....
c - Spider Form           Trmt/Pois      #.........   45%         3    ###....


Dungeon Overview and Level Annotations

Branches:
Dungeon (3/15)

Altars:
Trog

Annotations:
D:4 Crazy Yiuf


Innate Abilities, Weirdness & Mutations

You cannot wear boots.
((Your serpentine skin is tough (AC +1).))
You have supernaturally acute eyesight.
((Armour fits poorly on your strangely shaped body.))
((Your system is resistant to poisons.))
((You cover ground very slowly.))
You have a slow metabolism.
You can spit poison.


Message History

Crazy Yiuf is lightly wounded.
Crazy Yiuf hits you with a quarterstaff of chaos.
Crazy Yiuf draws strength from your injuries!
You hit Crazy Yiuf.
Crazy Yiuf is poisoned.
Crazy Yiuf is lightly wounded.
Crazy Yiuf hits you with a quarterstaff of chaos!
You hit Crazy Yiuf but do no damage.
Crazy Yiuf is lightly wounded.
Crazy Yiuf hits you with a quarterstaff of chaos.
Crazy Yiuf burns you.
You barely miss Crazy Yiuf.
Crazy Yiuf is moderately wounded.
Crazy Yiuf hits you with a quarterstaff of chaos.
* * * LOW HITPOINT WARNING * * *
A red film seems to cover your vision as you go berserk!
You feel yourself moving faster!
You feel mighty!
Unknown command.
You feel a strong urge to attack something.
Crazy Yiuf hits you with a quarterstaff of chaos!
You die...

#####
#.s)#
#....g#
#..##...#
#.# #####
#


You could see Crazy Yiuf.

Vanquished Creatures
  Jessica (D:2)
  2 adders
  3 worms (D:2)
  A dart slug (D:1)
  3 giant geckos (D:2)
  3 bats
  A giant cockroach (D:2)
  4 hobgoblins
  3 jackals (D:1)
  8 kobolds
  A ball python (D:3)
  7 goblins
  4 rats (D:2)
41 creatures vanquished.

Notes
Turn   | Place    | Note
--------------------------------------------------------------
     0 | D:1      | deorigin the Naga Transmuter began the quest for the Orb.
     0 | D:1      | Reached XP level 1. HP: 18/18 MP: 3/3
   153 | D:1      | Reached skill level 1 in Stealth
   272 | D:1      | Reached XP level 2. HP: 22/25 MP: 5/5
   724 | D:1      | Reached XP level 3. HP: 5/31 MP: 4/6
  1275 | D:2      | Noticed Jessica
  1285 | D:2      | Killed Jessica
  1372 | D:2      | Reached XP level 4. HP: 35/38 MP: 7/7
  1379 | D:2      | Learned a level 2 spell: Sticks to Snakes
  1383 | D:2      | Learned a level 3 spell: Spider Form
  1485 | D:2      | Found a bloodstained altar of Trog.
  1589 | D:2      | Found a faded altar to an unknown god.
  1661 | D:2      | Reached skill level 1 in Poison Magic
  2524 | D:3      | You fall through a shaft!
  2524 | D:4      | Noticed Crazy Yiuf
  2532 | D:4      | Slain by Crazy Yiuf

Skill      XL: |  1  2  3  4 |
---------------+-------------+-----
Stealth        | 2 3 |  3.0
Transmutations | 3 |  3.5
Poison Magic   | 1 |  1.5
Fighting       | |  1.0
Dodging        | |  1.5
Unarmed Combat | |  3.0
Spellcasting   | |  2.5

Action                   |  1- 3 |  4- 6 || total
-------------------------+-------+-------++-------
Melee: Unarmed           |    30 |    12 ||    42
       Headbutt          |     6 |     3 ||     9
       Flail             |       |    40 ||    40
 Cast: Beastly Appendage |     5 |     7 ||    12
       Spider Form       |       |     1 ||     1
 Abil: Spit Poison       |    12 |    14 ||    26
 Stab: Sleeping          |     1 |     1 ||     2
  Eat: Chunk             |     1 |     4 ||     5
Armor: Robe              |    17 |    11 ||    28
Dodge: Dodged            |    23 |    33 ||    56
